 Dungeon Crawl Stone Soup version 0.22-a0-514-g96ba041 (webtiles) character file.

27 Azzur the Skirmisher (level 2, 0/28 HPs)
             Began as a Minotaur Berserker on June 18, 2018.
             Was a Believer of Trog.
             Slain by a hobgoblin
             ... wielding a +0 club
              (2 damage)
             ... on level 1 of the Dungeon.
             The game lasted 00:05:32 (892 turns).

Azzur the Skirmisher (Minotaur Berserker)            Turns: 892, Time: 00:05:32

Health: 0/28       AC:  2    Str: 21    XL:     2   Next: 93%
Magic:  1/1        EV: 12    Int:  4    God:    Trog [**....]
Gold:   19         SH:  0    Dex:  9    Spells: 1/1 levels left

rFire    . . .     SeeInvis .   a - +0 mace
rCold    . . .     Gourm    .   (no shield)
rNeg     . . .     Faith    .   b - +0 animal skin
rPois    .         Spirit   .   (helmet restricted)
rElec    .         Reflect  .   (no cloak)
rCorr    .         Harm     .   (no gloves)
MR       .....                  (no boots)
Stlth    +.........             (no amulet)
HPRegen  0.09/turn              (no ring)
MPRegen  0.07/turn              (no ring)

@: no status effects
A: retaliatory headbutt, horns 2
a: Berserk, Trog's Hand, Renounce Religion


You were on level 1 of the Dungeon.
You worshipped Trog.
Trog was pleased with you.
You were not hungry.

You visited 1 branch of the dungeon, and saw 1 of its levels.

You collected 19 gold pieces.

Inventory:

Hand Weapons
 a - a +0 mace (weapon)
 d - a +0 spear
 h - a +0 dagger of electrocution
 j - a +2 dagger of freezing
Missiles
 i - 3 tomahawks (quivered)
Armour
 b - a +0 animal skin (worn)
Scrolls
 k - 2 scrolls of fear
 m - a scroll of teleportation {unknown}
Potions
 e - a potion of ambrosia {unknown}
 f - a potion of curing {unknown}
 g - 2 potions of agility {unknown}
Comestibles
 c - 3 rations
 l - a chunk of flesh


   Skills:
 * Level 4.3 Fighting
 + Level 4.2 Maces & Flails
 + Level 2.6 Armour
 + Level 2.3 Dodging


You had one spell level left.
You didn't know any spells.
Your spell library was empty.

Dungeon Overview and Level Annotations

Branches:
Dungeon (1/15)

Altars:


Innate Abilities, Weirdness & Mutations

You reflexively headbutt those who attack you in melee.
You have a pair of horns on your head.


Message History

The hobgoblin hits you with a club.
You hit the hobgoblin but do no damage.
The hobgoblin is moderately wounded.
The hobgoblin hits you with a club.
You hit the hobgoblin.
The hobgoblin is heavily wounded.
The hobgoblin hits you with a club.
You barely miss the hobgoblin.
The hobgoblin is heavily wounded.
The hobgoblin hits you with a club.
* * * LOW HITPOINT WARNING * * *
You hit the hobgoblin.
The hobgoblin is heavily wounded.
The hobgoblin hits you with a club.
* * * LOW HITPOINT WARNING * * *
You barely miss the hobgoblin. Your headbutt misses the hobgoblin.
The hobgoblin is heavily wounded.
The hobgoblin misses you. The hobgoblin hits you with a club.
You die...

#...#
###############...##
#>.........÷........
#.###.....###...####
#.# #.....# #...##..
#.# #.....# #...##..
#.###########...##..
#...# #.......##..
#.g@# #...)...##..
#...+ +.......'...
......# #.......####
#......# ###.....#
#......# #######
#......# #......#
######## #### #≈≈#


You could see a hobgoblin.

Vanquished Creatures
  2 dart slugs (D:1)
  2 goblins (D:1)
  3 hobgoblins (D:1)
  3 jackals (D:1)
  3 bats (D:1)
  4 frilled lizards (D:1)
  5 kobolds (D:1)
  2 rats (D:1)
24 creatures vanquished.

Notes
Turn   | Place    | Note
-------+----------+-------------------------------------------
     0 | D:1      | Azzur the Minotaur Berserker began the quest for the Orb.
     0 | D:1      | Reached XP level 1. HP: 19/19 MP: 0/0
    88 | D:1      | Reached XP level 2. HP: 19/27 MP: 1/1
   515 | D:1      | Reached ** piety under Trog
   890 | D:1      | HP: 1/28 [hobgoblin/club (6)]
   892 | D:1      | Slain by a hobgoblin

Vault maps used:
D:1:      enne_arrival_octagon_isle, supply_closet_lemuel

Skill      XL: |  1  2 |
---------------+-------+-----
Maces & Flails | 4 |  4.2
Fighting       | 4 |  4.3
Armour         | |  2.6
Dodging        | |  2.3

Action                   || total
-------------------------++-------
Melee: Mace              ||    69
       Headbutt          ||     8
  Use: Scroll            ||     2
Armor: Animal skin       ||    14
Dodge: Dodged            ||    39

Table legend:
 A = Spawn XP
 B = Non-spawn XP
 C = Spawn XP percentage of total XP
 D = Spawn monster count
 E = Non-spawn monster count
 F = Spawn count percentage of total count
 G = Total turns spent on level
                    A         B        C        D         E        F      G
               +---------+---------+-------+---------+---------+-------+---------
         Total |       0 |      39 |   0.0 |       0 |      24 |   0.0 |   892
               +---------+---------+-------+---------+---------+-------+---------
           D:1 |       0 |      39 |   0.0 |       0 |      24 |   0.0 |   892
               +---------+---------+-------+---------+---------+-------+---------
